Unix NetHack Version 3.7.0-89 Work-in-progress - last build Sep 24 2023 19:26:52 (48e034876007844a536bf88644040a71d2893410,branch:master). Game began 2023-09-25 16:33:49, ended 2023-09-26 20:26:02. torpedojuice, lawful male human Wizard 5 5 5 --------- 5|.......|5 |..a@a..| |.a.@a..| 4 |..aaaa.| 4|..a....|5 ----a---- .5..@.4.. 11@4. ----a---- ..4.... ..4541. ----- ........ .%..... ........ --....... -.......--. ....... ---|----.......... %..)%..%.......... -------------- Torpedojuice the Enchanter St:18/36 Dx:22 Co:18 In:18 Wi:18 Ch:15 Lawful Astral Plane $:0 HP:225(316) Pw:63(126) AC:-26 Xp:15/242651 T:49851 Fly Latest messages: The killer bee misses! You hear some noises in the distance. You hear a chugging sound. The priestess of Thoth casts a spell! The priestess of Thoth summons insects! You kill the giant ant! The killer bee misses! The giant beetle misses! The killer bee misses! The giant ant misses! The killer bee misses! The Angel of Moloch points at you, then curses. The killer bee misses! Pick an object. The giant beetle misses! The killer bee stings! You hear a mumbled curse. You hear a mumbled curse. What do you want to use or apply? [bei-ks-vzHZ or ?*] U - a cursed -1 helm of opposite alignment. What do you want to take off? [CDEF or ?*] The giant beetle bites! The killer bee misses! The killer bee misses! The killer bee misses! You hear a mumbled curse. The killer bee misses! The killer bee misses! You finish taking off your helm. What do you want to wear? [FU or ?*] The giant beetle misses! The killer bee just misses! The killer bee misses! The killer bee misses! The killer bee misses! The giant ant misses! Timo the invisible Filcher hurls a potion of blindness! The jar crashes on the giant beetle's head and breaks into shards. The potion of blindness evaporates. You finish your dressing maneuver. Your mind oscillates briefly. You are blasted by the Eye of the Aethiopica's power! There is a high altar to Ptah (lawful) here. What do you want to sacrifice? [w or ?*] You offer the Amulet of Yendor to Ptah... An invisible choir sings, and you are bathed in radiance... The voice of Ptah thunders: "Mortal, thou hast done well!" "In return for thy service, I grant thee the gift of Immortality!" You ascend to the status of Demigod... Do you want your possessions identified? [ynq] (y) Inventory: Amulets c - a blessed amulet of flying (being worn) h - the blessed Eye of the Aethiopica Weapons a - the blessed rustproof +7 Magicbane (weapon in hand) Armor A - a blessed greased fireproof +5 T-shirt with text "Protection Racketeer" (being worn) B - a blessed +5 silver dragon scale mail (being worn) C - a blessed greased fireproof +5 cloak of magic resistance (being worn) D - a blessed greased fireproof +5 pair of speed boots (being worn) E - a blessed fireproof +4 pair of gauntlets of dexterity (being worn) F - a blessed tempered +5 helm of brilliance U - a cursed -1 helm of opposite alignment (being worn) Comestibles f - an uncursed partly eaten food ration L - an uncursed lizard corpse named kebabtallrik Rings d - a blessed ring of shock resistance (on left hand) g - a blessed ring of free action (on right hand) Wands i - an uncursed wand of teleportation (0:2) j - an uncursed wand of teleportation (0:5) z - an uncursed wand of digging (0:6) H - an uncursed wand of teleportation (0:5) Z - an uncursed wand of death (0:1) Tools b - a blessed bag of holding containing 89 items e - a blessed stethoscope k - an uncursed skeleton key s - an uncursed sack named cancellation containing 3 items t - an uncursed moist towel u - a blessed +0 unicorn horn named Lh v - an uncursed brass lantern (lit) Gems/Stones x - a blessed luckstone Contents of the bag of holding: an uncursed amulet of life saving an uncursed amulet of life saving an uncursed amulet of life saving an uncursed amulet of magical breathing an uncursed amulet of reflection the blessed +1 Sting 5 uncursed +2 daggers named +2 an uncursed +0 cloak of displacement an uncursed +0 mummy wrapping 8 uncursed food rations an uncursed lizard corpse named KFC a blessed scroll of scare monster an uncursed scroll of amnesia 7 blessed scrolls of blank paper 25 uncursed scrolls of blank paper 8 cursed scrolls of blank paper a blessed scroll of charging 2 uncursed scrolls of charging an uncursed scroll of confuse monster 2 uncursed scrolls of earth a blessed scroll of enchant armor an uncursed scroll of enchant armor 6 uncursed scrolls of fire a cursed scroll of fire a blessed scroll of gold detection a blessed scroll of magic mapping 4 blessed scrolls of remove curse a blessed scroll of taming 2 uncursed scrolls of taming a blessed spellbook of finger of death a blessed spellbook of identify an uncursed spellbook of magic missile a blessed diluted potion of extra healing 3 blessed diluted potions of full healing an uncursed diluted potion of full healing an uncursed potion of gain energy 2 uncursed potions of healing an uncursed potion of paralysis a blessed potion of restore ability an uncursed potion of sleeping an uncursed potion of speed 24 potions of holy water 3 uncursed potions of water 2 potions of unholy water a blessed greased ring of conflict an uncursed ring of free action a blessed ring of levitation an uncursed ring of levitation a blessed ring of slow digestion a blessed ring of teleport control an uncursed wand of cold (0:4) an uncursed wand of cold (0:3) a cursed wand of cold (0:4) an uncursed wand of digging (0:8) an uncursed wand of digging (0:5) an uncursed wand of digging (0:6) an uncursed wand of digging (0:6) an uncursed wand of enlightenment (0:9) an uncursed wand of fire (0:7) an uncursed wand of fire (0:5) an uncursed wand of fire (0:4) a cursed wand of fire (0:1) an uncursed wand of lightning (0:8) an uncursed wand of lightning (0:7) an uncursed wand of magic missile (0:8) an uncursed wand of magic missile (0:7) an uncursed wand of magic missile (0:6) an uncursed wand of magic missile (0:5) an uncursed wand of magic missile (0:5) an uncursed wand of magic missile (0:4) an uncursed wand of polymorph (0:4) an uncursed wand of secret door detection (0:13) an uncursed wand of secret door detection (0:13) an uncursed wand of sleep (0:7) an uncursed wand of sleep (0:6) a blessed wand of slow monster (0:2) an uncursed wand of slow monster (0:4) an uncursed wand of speed monster (0:6) an uncursed wand of speed monster (0:1) an uncursed wand of striking (0:6) an uncursed wand of striking (0:3) an uncursed wand of wishing (1:1) an uncursed bugle an uncursed can of grease (0:20) an uncursed magic marker (0:27) an uncursed oil lamp an uncursed oil lamp an uncursed +3 pick-axe an uncursed amethyst stone Contents of the sack named cancellation: an uncursed wand of cancellation (0:8) an uncursed wand of cancellation (0:4) an uncursed wand of cancellation (0:3) Torpedojuice the Wizard's attributes: Background: You were an Enchanter, a level 15 male human Wizard. You were lawful, temporarily on a mission for Ptah who was opposed by Thoth (neutral) and Anhur (chaotic). You were actually chaotic. You were in the endgame, on the Astral Plane. You entered the dungeon 49851 turns ago. You had 242651 experience points, 77349 more were needed to attain level 16. Basics: You had 225 out of 316 hit points. You had 63 out of 126 energy points (spell power). Your armor class was -26. Your wallet was empty. Autopickup was off. Final Characteristics: Your strength was 18/36 (limit:18/100). Your dexterity was 22 (base:18, innate limit:18). Your constitution was 18 (limit:18). Your intelligence was 18 (limit:18). Your wisdom was 18 (limit:18). Your charisma was 15 (limit:18). Final Status: You were flying. You were not hungry. You were unencumbered. You were wielding a dagger. You had expert skill with dagger. Final Attributes: You were the Glory of Arioch. You were fervently aligned. You were magic-protected. You were fire resistant. You were cold resistant. You were sleep resistant. You were disintegration resistant. You were shock resistant. Your items were protected from electric shocks. You were poison resistant. You saw invisible. You were telepathic. You were warned. You were warded. You took half spell damage. You were very fast. You had reflection. You had free action. You were extremely lucky. You had extra luck. Good luck did not time out for you. You survived. Miscellaneous: You encountered 1 bones level. Total elapsed playing time was 5 hours, 58 minutes and 3 seconds. Major events: Turn 1: torpedojuice the chaotic male human Wizard entered the dungeon 1140: attained the rank of Conjurer (level 3) 1251: entered the Gnomish Mines 2273: read a Discworld novel 3043: attained the rank of Thaumaturge (level 6) 5487: reached Mine Town 6349: made his first wish - "blessed greased fixed +2 silver dragon scale mail", got "a greased silver dragon scale mail" 9753: entered Sokoban 10834: completed 1st Sokoban level 11686: completed 2nd Sokoban level 12070: completed 3rd Sokoban level 13413: completed 4th Sokoban level 13481: attained the rank of Magician (level 10) 13647: acquired the Sokoban amulet of reflection 19042: was bestowed with Magicbane by Anhur 19494: found Sting on the floor 19494: found Fire Brand on the floor 19501: destroyed Bartlem's ghost, the former Trailblazer 22084: acquired the Mines' End luckstone 29745: was chosen to take lives for the Glory of Anhur 29745: was bestowed with spellbook of finger of death 33343: attained the rank of Enchanter (level 14) 35038: killed the Dark One 35042: found the Eye of the Aethiopica on the floor 35043: acquired the Bell of Opening 35082: wished for "blessed magic marker", got "a magic marker" 42793: killed Medusa 43516: wished for "blessed greased fixed +2 speed boots", got "a greased pair of riding boots" 43571: wished for "blessed greased fixed +2 t-shirt", got "a greased T-shirt" 43685: wished for "blessed greased fixed ring of conflict", got "a greased steel ring" 43695: performed his first genocide (class h) 43696: genocided class L 43708: entered Gehennom 44323: wished for "blessed fixed amulet of flying", got "a pyramidal amulet" 44434: bribed Asmodeus with 70 zorkmids for safe passage 44917: killed Juiblex 45082: bribed Baalzebub with 25 zorkmids for safe passage 45965: destroyed Vlad the Impaler 45973: acquired the Candelabrum of Invocation 46415: killed Orcus 47705: killed the Wizard of Yendor 47706: killed the Wizard of Yendor (2nd time) 47707: acquired the Book of the Dead 47815: performed the invocation 47817: killed the Wizard of Yendor (3rd time) 47957: killed the high priestess of Moloch 47958: acquired The Amulet of Yendor 49151: killed the Wizard of Yendor (5th time) 49553: entered the Elemental Planes 49553: entered Plane of Earth 49619: entered Plane of Air 49691: entered Plane of Fire 49754: entered Plane of Water 49763: wished for "can of grease", got "a can of grease" 49815: entered the Astral Plane 49834: killed Pestilence 49851: ascended Vanquished creatures: Orcus Juiblex the Wizard of Yendor (6 times) Pestilence Vlad the Impaler a high cleric a mastodon Medusa 6 krakens 2 iron golems a storm giant a titan 3 glass golems 2 gold dragons 3 red dragons 3 white dragons 2 orange dragons 3 black dragons 3 blue dragons a green dragon a yellow dragon 14 minotaurs the Dark One 2 baluchitheria 2 Angels 2 demiliches 3 stone golems 7 Olog-hai 4 Nazgul 7 pit fiends 2 titanotheres 4 trappers 2 baby red dragons a guardian naga 2 genetic engineers 28 vampire leaders 2 skeletons 8 aligned clerics 4 captains 6 shades 2 clay golems a nurse 3 ice devils 3 nalfeshnees 4 lurkers above 3 ettins 2 black puddings 19 vampires 6 lieutenants 24 ghosts a ranger 4 queen bees 3 winged gargoyles 10 giant mimics 4 long worms 4 zruties 3 fire giants 3 ogre tyrants 2 ice trolls 14 rock trolls 2 umber hulks a flesh golem 4 elven monarchs 8 hezrous 9 bone devils 11 large mimics a wumpus 4 fire vortices 7 couatls 12 stalkers 5 air elementals a fire elemental 4 earth elementals 3 water elementals 2 hill giants 4 giant mummies 10 xorns 9 giant zombies 2 elf-nobles 4 sergeants 6 barbed devils 3 vrocks 3 salamanders 5 wargs a winter wolf 2 hell hound pups 7 small mimics 3 glass piercers 3 warhorses 5 steam vortices 7 xans 2 ettin mummies an ogre leader 4 quantum mechanics 2 trolls a sasquatch 2 wood golems a marilith 4 sharks 2 electric eels 4 gelatinous cubes a pyrolisk a large dog a freezing sphere 3 flaming spheres 4 shocking spheres 3 large cats 7 tigers 5 gargoyles a dwarf ruler 15 tengu 6 ochre jellies 6 leocrottas 3 energy vortices 2 mountain centaurs 4 stone giants 6 elf mummies 4 human mummies 6 red nagas 5 pythons 4 pit vipers a cobra 42 wraiths 8 carnivorous apes 14 ettin zombies a Grey-elf 31 soldiers 4 amorous demons 5 horned devils 8 chameleons 2 crocodiles 8 giant beetles 7 quivering blobs 9 cockatrices 13 wolves 2 winter wolf cubs 4 lynxes 3 panthers 12 gremlins 2 spotted jellies 76 leprechauns 7 orc-captains 2 iron piercers 3 mumakil 10 giant spiders 9 scorpions a horse 2 ice vortices 6 black lights 50 vampire bats a forest centaur 4 gnome rulers 4 orc mummies 2 dwarf mummies 2 brown puddings 5 rust monsters 6 owlbears 3 yetis 2 gold golems 6 Green-elves 2 piranha 13 giant eels 13 lizards 4 chickatrices 8 dingoes 5 dogs 2 housecats 2 jaguars 6 dwarf leaders 3 blue jellies 3 white unicorns 2 gray unicorns 8 dust vortices 16 ravens 5 plains centaurs 8 gnome mummies 2 snakes 5 water moccasins 9 apes 18 human zombies 3 rope golems a Woodland-elf 8 soldier ants 12 fire ants 7 bugbears 6 imps 3 lemures 4 quasits 5 wood nymphs 3 mountain nymphs 3 Mordor orcs 14 Uruk-hai 7 orc shamans 8 rock piercers 2 rock moles 3 ponies 9 fog clouds 6 yellow lights 4 shriekers 3 violet fungi 22 gnome leaders 6 gnomish wizards 3 kobold mummies 6 gray oozes 2 barrow wights 17 elf zombies 17 ghouls 2 straw golems 3 paper golems 4 jellyfish 20 giant ants 2 little dogs 14 floating eyes 5 kittens 24 dwarves 9 homunculi 3 kobold leaders 4 kobold shamans 42 hill orcs 20 rothes 3 centipedes 14 giant bats 2 monkeys 15 orc zombies 15 dwarf zombies a wererat 2 werejackals 12 iguanas 33 killer bees 9 acid blobs 6 gas spores 6 hobbits 36 manes 6 large kobolds 17 hobgoblins 5 giant rats 9 cave spiders 5 brown molds a yellow mold a green mold 3 red molds 54 gnomes 30 garter snakes 16 gnome zombies 8 geckos 14 jackals 2 foxes 3 kobolds 10 goblins 6 sewer rats 8 grid bugs 13 bats 15 lichens 18 kobold zombies 11 newts 1774 creatures vanquished. Genocided species: arch-liches master liches demiliches master mind flayers liches mind flayers dwarf rulers dwarf leaders bugbears dwarves hobbits 11 species genocided. Voluntary challenges: You read items or engraved 138 times. You never engraved Elbereth. You genocided 11 types of monsters. You never polymorphed an object. You never changed form. You used 7 wishes. You did not wish for any artifacts. You did not violate any of the special Sokoban rules. Achievements: You entered a shop. You attained the rank of Conjurer. You entered the Gnomish Mines. You read from a Discworld novel. You attained the rank of Thaumaturge. You entered Minetown. You entered a temple. You entered Sokoban. You attained the rank of Magician. You completed Sokoban. You completed the Gnomish Mines. You attained the rank of Enchanter. You handled the Bell of Opening. You defeated Medusa. You entered Gehennom. You handled the Candelabrum of Invocation. You handled the Book of the Dead. You gained access to Moloch's Sanctum. You reached the Elemental Planes. You reached the Astral Plane. You delivered the Amulet of Yendor. You ascended! The Elemental Planes: Astral Plane: <- You are here. A temple to Ptah. Plane of Water: Plane of Fire: Plane of Air: Plane of Earth: The Dungeons of Doom: levels 1 to 29 Level 1: "locked chest, teledig" A fountain. One way stairs up to The Elemental Planes. Level 2: "shk: $0" A general store. Stairs down to The Gnomish Mines. Level 3: Level 4: "{=P" A scroll shop, a fountain, a sink. Level 5: "pools" A weapon shop, a grave. Level 6: A grave. Level 7: "stash chest +oCureSick" Level 8: "poly trap >" Some fountains. Oracle of Delphi. Level 9: Stairs up to Sokoban, level 8. Level 10: "HUGE ! store" A potion shop. Level 11: "dagger, fire brand _" A temple, a grave. Level 12: Level 13: "poly trap" A fountain. Level 14: Level 15: An altar. Portal to The Quest. Level 16: "poly trap, +oForceBolt {" Some fountains. Level 17: Level 18: A primitive area. Level 19: "{=" A fountain, a sink. Level 20: "gem stash" Many graves. Level 21: Level 22: "/oMakeInvis stash" A temple. Level 23: Level 24: Level 25: A grave. Level 26: "backup BoH >" Level 27: A temple to Ptah. Level 28: Many trees. Level 29: A fountain. The castle. Connection to Gehennom. Gehennom: levels 30 to 50 Level 30: A temple, many graves. Valley of the Dead. Level 31: Level 32: Level 33: Level 34: A fountain. Level 35: Level 36: Level 37: Level 38: Level 39: Level 40: Level 41: Some shops, an altar, a grave. Stairs up to Vlad's Tower, level 40. Level 42: Level 43: Level 44: Level 45: Level 46: Level 47: "real tower" Level 48: "fake tower" Level 49: Level 50: A temple, many graves. Moloch's Sanctum. The Gnomish Mines: levels 3 to 10 Level 3: Level 4: Level 5: Level 6: "both { trickle, Shk:$0" Many shops, a temple, some fountains, some trees. Level 7: Level 8: "master lich next" Level 9: "poly trap" A grave. Final resting place for Bartlem-Ran-Elf-Mal-Cha, killed by a leocrotta. Level 10: "backup sack <" The Quest: levels 1 to 6 Level 1: Completed quest for Neferet the Green. Level 2: Level 3: Level 4: Level 5: Level 6: A temple. Sokoban: levels 8 up to 5 Level 5: Solved. Level 6: Solved. Level 7: Solved. Level 8: Solved. Vlad's Tower: levels 40 up to 38 Level 38: Level 39: Level 40: Goodbye torpedojuice the Demigod... You went to your reward with 903628 points, Magicbane (worth 3500 zorkmids and 8750 points) Sting (worth 800 zorkmids and 2000 points) The Eye of the Aethiopica (worth 4000 zorkmids and 10000 points) and 0 pieces of gold, after 49851 moves. You were level 15 with a maximum of 316 hit points when you ascended.